 Dungeon Crawl Stone Soup version 0.31.0-11-ge490571c62 (webtiles) character file.

Game seed: 13572343141730350747

32 qw the Shooter (level 3, -1/18 HPs)
             Began as a Spriggan Hunter on Feb 4, 2024.
             Succumbed to an adder's poison
             ... on level 2 of the Dungeon.
             The game lasted 00:00:12 (805 turns).

qw the Shooter (Spriggan Hunter)                     Turns: 805, Time: 00:00:12

Health: -1/18      AC:  2    Str:  7    XL:     3   Next: 10%
Magic:  1/4        EV: 19    Int: 10    God:
Gold:   44         SH:  0    Dex: 20    Spells: 2/2 levels left

rFire   . . .        a - +0 shortbow
rCold   . . .        (shield currently unavailable)
rNeg    . . .        c - +0 robe
rPois   .            (helmet restricted)
rElec   .            (no cloak)
rCorr   .            (gloves unavailable)
SInv    +            (boots unavailable)
Will    .....        f - amulet of guardian spirit
Stlth   ++           (no ring)
HPRegen 0.23/turn    (no ring)
MPRegen 0.09/turn

%: guardian spirit
@: lethally poisoned (-1 -> -7), about to teleport, very quick
A: very small, no large weapons, unfitting armour, see invisible, speed 3
a: no special abilities


You were on level 2 of the Dungeon.
You visited 1 branch of the dungeon, and saw 2 of its levels.

You collected 44 gold pieces.


Innate Abilities, Weirdness & Mutations

You are very small and have problems with some larger weapons.
You are too small for most types of armour.
You have supernaturally acute eyesight. (SInv)
You cover ground extremely quickly. (Speed+++)


   Skills:
 - Level 1.5 Fighting
 + Level 4.4 Ranged Weapons
 - Level 4.0 Dodging
 - Level 1.5 Stealth


You had 2 spell levels left.
You didn't know any spells.
Your spell library was empty.

Inventory:

Hand Weapons
 a - a +0 shortbow (weapon)
Armour
 c - a +0 robe (worn)
Jewellery
 f - an amulet of guardian spirit (around neck)
Scrolls
 d - 2 scrolls of teleportation

Dungeon Overview and Level Annotations

Branches:
Dungeon (2/15)

Altars:


Message History

You kill the quokka!
An adder comes into view.
You shoot an arrow. The arrow hits the adder.
The adder hisses angrily.
The adder is heavily wounded.
An endoplasm comes into view.
You shoot an arrow. The arrow closely misses the adder.
The endoplasm quivers.
You shoot an arrow. The arrow completely misses the adder.
You shoot an arrow. The arrow misses the adder.
The adder completely misses you.
You shoot an arrow. The arrow hits the adder.
The adder is heavily wounded.
The adder barely misses you. The adder completely misses you.
You shoot an arrow. The arrow barely misses the adder.
The arrow hits the endoplasm.
The endoplasm is almost dead.
The adder closely misses you.
You shoot an arrow. The arrow hits the endoplasm.
You kill the endoplasm!
The adder bites you. x2
You are poisoned.
The adder poisons you!
You shoot an arrow. The arrow closely misses the adder.
You feel sick. The adder closely misses you.
You shoot an arrow. The arrow closely misses the adder.
You feel sick. The adder bites you. x2
You are lethally poisoned!
The adder poisons you!
You shoot an arrow. The arrow closely misses the adder.
You feel very sick. The adder closely misses you.
804 ||| READING 3 scrolls of teleportation.
As you read the scroll of teleportation, it crumbles to dust.
You feel strangely unstable.
You feel sick. The adder bites you but does no damage. The adder misses you.
You shoot an arrow.
The arrow hits the adder but does no damage.
The adder is heavily wounded.
You die...

.. . .. ..###.
. ....#.# ..
....... ...
#...... ....
.......###
.....
#.....<.#......
#......@S......
#..............
#....#.[#......
######..?#..#..
#.#.##....
..... ...#
...... ..# #..
... .#


You could see an adder.

Vanquished Creatures
  A gnoll (D:1)
  A dart slug (D:1)
  3 endoplasms
  A giant cockroach (D:1)
  A goblin (D:1)
  A hobgoblin (D:1)
  2 quokkas
  A bat (D:2)
  4 frilled lizards (D:1)
  3 kobolds (D:1)
  3 rats (D:1)
21 creatures vanquished.

Notes
Turn   | Place    | Note
-------+----------+-------------------------------------------
     0 | D:1      | qw the Spriggan Hunter began the quest for the Orb.
     0 | D:1      | Reached XP level 1. HP: 10/10 MP: 2/2
     0 | D:1      | 0 ||| qw: Version: 0.3-a-160-g6735b56
     0 | D:1      | 0 ||| qw: Game counter: 5756
     0 | D:1      | 0 ||| qw: Melee chars always use a shield: true
     0 | D:1      | 0 ||| qw: God list: Okawaru
     0 | D:1      | 0 ||| qw: Allow faded altars: false
     0 | D:1      | 0 ||| qw: Do Orc after clearing Dungeon:15 true
     0 | D:1      | 0 ||| qw: Do second Lair branch before Depths: true
     0 | D:1      | 0 ||| qw: Lair rune preference: random
     0 | D:1      | 0 ||| qw: Goals: Normal
     0 | D:1      | 0 ||| PLANNING D:1-11
    66 | D:1      | Reached skill level 3 in Dodging
   116 | D:1      | Reached XP level 2. HP: 14/14 MP: 3/3
   520 | D:1      | HP: 1/14 [gnoll/+0 spear (8)]
   651 | D:1      | 651 ||| UPGRADING to amulet of guardian spirit.
   656 | D:1      | 656 ||| READING 4 scrolls labelled ELAUKK ISEA.
   659 | D:1      | 659 ||| READING scroll labelled NEJUDAINWUIXE.
   760 | D:1      | 760 ||| READING scroll labelled UNIOXU BUWIRCHUWUPP.
   761 | D:1      | 761 ||| READING scroll labelled HAG HUKEUFRYO.
   762 | D:1      | 762 ||| DROPPING scroll of butterflies.
   790 | D:2      | Reached XP level 3. HP: 18/18 MP: 4/4
   803 | D:2      | HP: 2/18 [poisoned by an adder]
   804 | D:2      | 804 ||| READING 3 scrolls of teleportation.
   805 | D:2      | Succumbed to an adder's poison

Levels and vault maps discovered:
D:1:      saegor_arrival_fortress, layout_basic
D:2:      layout_rooms, kennysheep_generic_room_14

Skill      XL: |  1  2 |
---------------+-------+-----
Dodging        | 3 4 |  4.0
Fighting       | |  1.5
Ranged Weapons | |  4.4
Stealth        | |  1.5

Action                     || total
---------------------------++-------
   Fire: Shortbow          ||    55
    Use: Scroll            ||     5
 Armour: Robe              ||     9
  Dodge: Dodged            ||    13

Table legend:
 A = Non-vault XP
 B = Vault XP
 C = Vault XP percentage of total XP
 D = Non-vault monster count
 E = Vault monster count
 F = Vault count percentage of total count
                 A         B        C        D         E       F
            +---------+---------+-------+---------+---------+-------
      Total |      47 |       0 |   0.0 |      21 |       0 |   0.0
            +---------+---------+-------+---------+---------+-------
        D:1 |      40 |       0 |   0.0 |      17 |       0 |   0.0
        D:2 |       7 |       0 |   0.0 |       4 |       0 |   0.0
            +---------+---------+-------+---------+---------+-------
